 Dungeon Crawl Stone Soup version 0.21.1 (webtiles) character file.

50 Santangelo the Insei (level 3, -2/26 HPs)
             Began as a Merfolk Transmuter on Feb 3, 2018.
             Slain by an adder (3 damage)
             ... on level 2 of the Dungeon.
             The game lasted 00:14:57 (1702 turns).

Santangelo the Insei (Merfolk Transmuter)           Turns: 1702, Time: 00:14:58

Health: -2/26      AC:  2    Str: 11    XL:     3   Next: 79%
Magic:  6/6        EV: 13    Int: 12    God:
Gold:   116        SH:  3    Dex: 14    Spells: 3/6 levels left

rFire    . . .     SeeInvis .     - Unarmed
rCold    . . .     Gourm    .   (no shield)
rNeg     . . .     Faith    .   b - +0 robe
rPois    .         Spirit   .   (no helmet)
rElec    .         Reflect  +   (no cloak)
rCorr    .         Harm     .   (no gloves)
MR       .....                  (no boots)
Stlth    +.........             i - +3 amulet of reflection
HPRegen  0.08/turn              (no ring)
MPRegen  0.10/turn              (no ring)

@: lethally poisoned (-2 -> -9)
A: change form in water, swift swim, stealthy swim
a: no special abilities


You were on level 2 of the Dungeon.
You were not hungry.

You visited 1 branch of the dungeon, and saw 2 of its levels.

You collected 116 gold pieces.

Inventory:

Missiles
 a - 34 arrows
 e - 74 bolts
Armour
 b - a +0 robe (worn)
Jewellery
 i - a +3 amulet of reflection (around neck)
Scrolls
 g - 3 scrolls of magic mapping {unknown}
 h - a scroll of fear {unknown}
 j - 4 scrolls of immolation {unknown}
 k - 3 scrolls of identify {unknown}
Potions
 f - 2 potions of heal wounds {unknown}
 l - a potion of curing {unknown}
Books
 c - a book of Changes

   Spells                             Type                      Level
   a - Beastly Appendage              Transmutation                1
   b - Sticks to Snakes               Transmutation                2
   c - Spider Form                    Transmutation/Poison         3
   d - Ice Form                       Ice/Transmutation            4
   e - Blade Hands                    Transmutation                5
Comestibles
 d - 2 rations


   Skills:
 + Level 1.1 Fighting
 + Level 3.0 Dodging
 + Level 0.4 Stealth
 + Level 4.4 Unarmed Combat
 + Level 2.3 Spellcasting
 + Level 2.9 Transmutations


You had 3 spell levels left.
You knew the following spells:

 Your Spells              Type           Power        Failure   Level  Hunger
a - Beastly Appendage     Tmut           #.....       8%          1    ##.....
b - Sticks to Snakes      Tmut           #.......     12%         2    ###....


Dungeon Overview and Level Annotations

Branches:
Dungeon (2/15)

Altars:


Message History

The adder bites you but does no damage.
You hit the adder but do no damage.
The adder is almost dead.
You block the adder's attack.
You hit the adder but do no damage.
The adder is almost dead.
* * * LOW HITPOINT WARNING * * *
You feel sick. The adder closely misses you.
You barely miss the adder.
The adder is almost dead.
The adder bites you.
* * * LOW HITPOINT WARNING * * *
You hit the adder but do no damage.
The adder is almost dead.
* * * LOW HITPOINT WARNING * * *
You feel sick. The adder closely misses you. x2
You closely miss the adder.
The adder is almost dead.
The adder bites you.
You die...

### ..# #.############
#.#........... #
#.#.#########.
#.########....# #.
#..........#....# #.
#.##.#.###....##.# #)
#...@# #.#.###.# #.
.....#.S..........#####.
####....###.............
##.#.# ###.###.#####.
#.#.# #.##...## #. #.#.#
###.#.....###. #....
..............
..####.##.....####
..........##


You could see an adder.

Vanquished Creatures
  An adder (D:2)
  An ooze (D:1)
  A dart slug (D:1)
  A leopard gecko (D:1)
  8 bats
  4 goblins (D:1)
  2 hobgoblins (D:1)
  5 jackals (D:1)
  A quokka (D:2)
  3 frilled lizards
  3 rats (D:1)
  2 plants (D:1)
32 creatures vanquished.

Vanquished Creatures (collateral kills)
  A rat (D:1)
1 creature vanquished.

Grand Total: 33 creatures vanquished

Notes
Turn   | Place    | Note
-------+----------+-------------------------------------------
     0 | D:1      | Santangelo the Merfolk Transmuter began the quest for the Orb.
     0 | D:1      | Reached XP level 1. HP: 15/15 MP: 3/3
   274 | D:1      | Reached XP level 2. HP: 19/21 MP: 5/5
   278 | D:1      | Learned a level 2 spell: Sticks to Snakes
   845 | D:1      | Reached skill level 4 in Unarmed Combat
   875 | D:1      | Reached XP level 3. HP: 25/26 MP: 6/6
  1700 | D:2      | HP: 1/26 [adder (2)]
  1702 | D:2      | Slain by an adder

Skill      XL: |  1  2  3 |
---------------+----------+-----
Unarmed Combat | 4 |  4.4
Dodging        | 3 |  3.0
Fighting       | |  1.1
Stealth        | |  0.4
Spellcasting   | |  2.3
Transmutations | |  2.9

Action                   || total
-------------------------++-------
Melee: Unarmed           ||   328
       Punch             ||     9
       Headbutt          ||     4
       Tailslap          ||    19
 Cast: Beastly Appendage ||     3
       Sticks to Snakes  ||     1
 Stab: Sleeping          ||     2
  Eat: Chunk             ||     2
       Ration            ||     1
Armor: Robe              ||    33
Dodge: Dodged            ||   115
Block: Other             ||    12
